[Event "Team 45 45 League T27"]
[Site "Free Internet Chess Server"]
[Date "PDT.07.0"]
[Round "3"]
[White "cerebero"]
[Black "watson"]
[Result "1-0"]
[WhiteElo "1822"]
[BlackElo "1943"]
[TimeControl "2700+45"]

1. d4 d5 2. c4 e6 3. Nc3 Bb4 4. Nf3 Ne7 5. Bg5 O-O 6. cxd5 exd5 7. g3 h6 8. Bd2 Nbc6 9. Bg2 Bg4 10. e3 Re8 11. O-O a6 12. Qb3 Rb8 13. Rfc1 Qd6 14. Ne5 Be6 15. Nd3 Ba5 16. Nf4 Red8 17. Nxe6 fxe6 18. a3 Rf8 19. Qc2 Rf6 20. b4 Bb6 21. Ne2 Rbf8 22. Nf4 g5 23. Nd3 Ng6 24. Be1 Nd8 25. a4 c6 26. b5 R8f7 27. bxa6 bxa6 28. Rab1 Ba7 29. Ba5 Nb7 30. Bb4 Qd8 31. Qxc6 Kh7 32. Qxa6 Bb8 33. Rc6 Qd7 34. Rb6 h5 35. Be1 Qc8 36. Rxb7 Kh6 37. Nc5 Bc7 38. Qd3 h4 39. e4 hxg3 40. hxg3 Qd8 41. e5 Nxe5 42. dxe5 Bxe5 43. Rxf7 Rxf7 44. Nxe6 Qf6 45. Qxd5 Re7 46. Nxg5 Qxg5 47. Bd2 Qxd2 48. Qxd2+ Kg6 49. Rb6+ Bf6 50. Rxf6+ Kxf6 51. Qd6+ Re6 52. Qxe6+ Kxe6 53. a5 Kd7 54. f4 Kc7 55. f5 Kb8 56. a6 Ka7 57. f6 Kxa6 58. f7 Kb6 59. f8=Q Kc7 60. Kf2 Kd7 61. Ke3 Ke6 62. Kd4 Kd7 63. Bh3+ Kc6 64. Qc5+ Kb7 65. Bg2+ Ka6 66. Qb4 Ka7 67. Qb7#   {Black checkmated} 1-0

[Event "Team 45 45 League T27"]
[Site "Free Internet Chess Server"]
[Date "PDT.07.0"]
[Round "3"]
[White "threeNT"]
[Black "JoeytheBudgie"]
[Result "1-0"]
[WhiteElo "1769"]
[BlackElo "1786"]
[TimeControl "2700+45"]

1. e4 c5 2. Nf3 d6 3. d4 cxd4 4. Nxd4 Nf6 5. Nc3 a6 6. Bg5 e6 7. f4 Be7 8. Qf3 Qc7 9. O-O-O Nbd7 10. g4 b5 11. Bxf6 Nxf6 12. g5 Nd7 13. a3 Rb8 14. h4 b4 15. axb4 Rxb4 16. Bh3 Qb6 17. Nf5 exf5 18. Nd5 Qb7 19. exf5 Rxb2 20. Rhe1 Rb1+ 21. Kd2 Rxd1+ 22. Kxd1 Kf8 23. Rxe7 f6 24. Qe4   {Black resigns} 1-0

[Event "Team 45 45 League T27"]
[Site "Free Internet Chess Server"]
[Date "PDT.07.0"]
[Round "3"]
[White "LLIAMAH"]
[Black "FusterCluck"]
[Result "1-0"]
[WhiteElo "1712"]
[BlackElo "1738"]
[TimeControl "2700+45"]

1. e4 c6 2. c4 d5 3. cxd5 cxd5 4. exd5 Nf6 5. Nc3 Nxd5 6. Qb3 Nb6 7. Nf3 e6 8. Bb5+ Bd7 9. Bxd7+ Qxd7 10. d4 Be7 11. Be3 Nc6 12. O-O O-O 13. Rad1 Rfd8 14. Ne5 Nxe5 15. dxe5 Qc6 16. Rc1 Qc4 17. Qc2 Nd5 18. Nxd5 Qxd5 19. f4 Qxa2 20. Qc7 Qb3 21. Bxa7 Rxa7 22. Qxe7 Qe3+ 23. Kh1 Rda8 24. Rc7 Rf8 25. Rxb7 Qd3 26. Kg1 Qd4+ 27. Kh1 Qd3 28. Rg1 Ra4 29. b4 Qd4 30. b5 Qxf4 31. Rd7 Qxe5 32. Rd8 Ra8 33. Rgd1 h6 34. Qxf8+ Kh7 35. Rxa8 Qxb5   {Black resigns} 1-0

[Event "Team 45 45 League T27"]
[Site "Free Internet Chess Server"]
[Date "PDT.07.0"]
[Round "3"]
[White "BlkSabb"]
[Black "alexeypopov"]
[Result "1-0"]
[WhiteElo "1717"]
[BlackElo "1577"]
[TimeControl "2700+45"]

1. d4 Nf6 2. c4 g6 3. Nc3 d5 4. cxd5 Nxd5 5. Bd2 Bg7 6. e4 Nxc3 7. Bxc3 O-O 8. Be2 Nc6 9. Nf3 Re8 10. O-O Bg4 11. e5 Qd5 12. h3 Be6 13. Ng5 Rad8 14. Bf3 Qd7 15. Nxe6 fxe6 16. Bxc6 Qxc6 17. Re1 a6 18. Rc1 b6 19. Bd2 Qb7 20. Qg4 Kh8 21. Qe4 Qxe4 22. Rxe4 Rd7 23. Be3 h5 24. Rc6 Kh7 25. f4 Rd5   {Black resigns} 1-0

[Event "Team 45 45 League T27"]
[Site "Free Internet Chess Server"]
[Date "2005.06.30"]
[Round "3"]
[White "gonzolawyer"]
[Black "Atreus"]
[Result "0-1"]
[WhiteElo "1730"]
[BlackElo "1871"]
[TimeControl "2700+45"]

1. c4 e5 2. g3 Nf6 3. Bg2 Bc5 4. e3 O-O 5. Ne2 d5 6. cxd5 Nxd5 7. O-O Bg4 8. h3 Be6 9. Nbc3 c6 10. d4 Nxc3 11. bxc3 exd4 12. cxd4 Be7 13. Bb2 Nd7 14. Nf4 Bc4 15. Nd3 Qb6 16. Bc3 Qa6 17. Nb4 Qa3   {White resigns} 0-1

[Event "Team 45 45 League T27"]
[Site "Free Internet Chess Server"]
[Date "PDT.07.0"]
[Round "3"]
[White "TGV"]
[Black "CleverBanana"]
[Result "1-0"]
[WhiteElo "1747"]
[BlackElo "1633"]
[TimeControl "2700+45"]

1. d4 g6 2. c4 Bg7 3. Nc3 Nf6 4. e4 O-O 5. Be2 b6 6. e5 Ne8 7. f4 Bb7 8. Bf3 Bxf3 9. Nxf3 Nc6 10. O-O Na5 11. Qe2 c5 12. d5 d6 13. Kh1 Nc7 14. Rb1 e6 15. exd6 Qxd6 16. Ne4 Qd7 17. Ne5 Bxe5 18. fxe5 exd5 19. Nf6+   {Black resigns} 1-0

[Event "Team 45 45 League T27"]
[Site "Free Internet Chess Server"]
[Date "PDT.07.0"]
[Round "3"]
[White "Flodo"]
[Black "Galleta"]
[Result "0-1"]
[WhiteElo "1620"]
[BlackElo "1607"]
[TimeControl "2700+45"]

1. d4 d6 2. e4 Nf6 3. Bd3 e5 4. d5 c6 5. c4 Bg4 6. Nf3 Na6 7. h3 Bh5 8. g4 Bg6 9. Nc3 Nc5 10. b4 Ncxe4 11. Nxe4 Nxe4 12. Qc2 Nf6 13. Bxg6 hxg6 14. Bg5 Be7 15. Bxf6 Bxf6 16. Qe4 Qb6 17. a3 a5 18. Rb1 axb4 19. g5 Be7 20. axb4 Ra4 21. b5 Qa5+ 22. Kf1 cxb5 23. Rc1 Qc7 24. Kg2 Rxc4 25. Rxc4 bxc4 26. Ra1 Qc8 27. h4 b5 28. Rc1 Qf5 29. Qe3 e4 30. Nd4 Qg4+ 31. Kf1 Rxh4 32. Ke1 Bxg5 33. Qa3 Rh1#   {White checkmated} 0-1

[Event "Team 45 45 League T27"]
[Site "Free Internet Chess Server"]
[Date "PDT.07.0"]
[Round "3"]
[White "Pieris"]
[Black "AlesD"]
[Result "0-1"]
[WhiteElo "1616"]
[BlackElo "1641"]
[TimeControl "2700+45"]

1. e4 e6 2. d4 d5 3. e5 c5 4. Nf3 Nc6 5. Be2 Qb6 6. c3 cxd4 7. cxd4 Nge7 8. a4 a6 9. a5 Qa7 10. O-O Nf5 11. Nc3 Nfxd4 12. Be3 Nxe2+ 13. Qxe2 Qb8 14. Bb6 Be7 15. Rfe1 O-O 16. Ra4 Bd8 17. Qc2 h6 18. Bxd8 Nxd8 19. Rh4 f5 20. exf6 Rxf6 21. Nxd5 Rxf3 22. gxf3 exd5 23. Qg6 Ne6 24. Rxe6 Bxe6 25. Qxe6+ Kh7 26. Qxd5 Qc7 27. Rc4 Qe7 28. Qe4+ Qxe4 29. fxe4 Rd8 30. Rc7 Re8 31. f3 Re5 32. Rxb7 Rxa5 33. Kf2 Kg6 34. Ke3 Rh5 35. Rb6+ Kh7 36. Rxa6 Rxh2 37. b4 Rb2 38. Rb6 Rb3+ 39. Kf4 g5+ 40. Kg4 Kg7 41. Rb7+ Kg6 42. Rb6+ Kg7 43. b5 Rb1 44. Kf5 Rb3 45. Rb7+ Kf8 46. Kg6 Rxf3 47. Kxh6 g4 48. Rc7 g3 49. b6 g2 50. Rc8+ Ke7 51. Rc7+ Kd6 52. Rg7 Rh3+ 53. Kg6 Rg3+ 54. Kf6 Rxg7   {White resigns} 0-1

[Event "Team 45 45 League T27"]
[Site "Free Internet Chess Server"]
[Date "PDT.07.0"]
[Round "3"]
[White "Maras"]
[Black "CamyC"]
[Result "1/2-1/2"]
[WhiteElo "2097"]
[BlackElo "1990"]
[TimeControl "2700+45"]

1. d4 d5 2. c4 e6 3. Nc3 Be7 4. Nf3 Nf6 5. Bf4 O-O 6. e3 c5 7. cxd5 cxd4 8. Qxd4 exd5 9. Rd1 Nc6 10. Qd2 Qa5 11. Bd3 Bg4 12. O-O Rfd8 13. Be2 Ne4 14. Nxe4 dxe4 15. Qxa5 Nxa5 16. Nd4 Bxe2 17. Nxe2 Rxd1 18. Rxd1 Rd8 19. Rxd8+ Bxd8 20. Ng3 Nc4 21. b3 Nd2 22. Bd6 Ba5 23. Be5 f6 24. Bb2 Kf7 25. Bc1 Ke6 26. Bxd2 Bxd2 27. Nxe4 Bb4 28. Kf1 Ke5 29. Ng3 g6 30. Ke2 f5 31. Kd3 h6 32. Ne2 Bd6 33. a4 a6 34. Kc4 g5 35. b4 f4 36. exf4+ gxf4 37. f3 Be7 38. Nc1 b5+ 39. axb5 axb5+ 40. Kc3 Kd5 41. Ne2 Bd6 42. g3 Be5+ 43. Kd3 fxg3 44. hxg3 Bd6 45. Nd4 Bxg3 46. Nxb5 h5 47. Nc3+ Kc6 48. Kc4 h4 49. b5+ Kb7 50. Ne4 Bf4 51. Nf2 Be3 52. Nh3 Kc7 53. Kd5 Kb6 54. Kc4 Kc7 55. f4 Kd6 56. Kd3 Bxf4   {Game drawn by mutual agreement} 1/2-1/2

[Event "Team 45 45 League T27"]
[Site "Free Internet Chess Server"]
[Date "PDT.07.0"]
[Round "3"]
[White "mtjab"]
[Black "Huevon"]
[Result "1-0"]
[WhiteElo "1877"]
[BlackElo "1903"]
[TimeControl "2700+45"]

1. d4 e6 2. e4 d5 3. Nc3 Nf6 4. Bg5 Bb4 5. exd5 exd5 6. Bd3 O-O 7. Ne2 c6 8. O-O Bg4 9. f3 Bh5 10. Nf4 Bg6 11. Nxg6 fxg6 12. Qd2 Qb6 13. Qf2 Nbd7 14. Qh4 c5 15. Na4 Qc6 16. Nxc5 Bxc5 17. dxc5 Nxc5 18. Rfe1 Nxd3 19. cxd3 Qb6+ 20. Qf2 Qxf2+ 21. Kxf2 Kf7 22. Rac1 Rac8 23. Ke3 Nd7 24. Kd4 h6 25. Re7+ Kg8 26. Rxc8 Rxc8 27. Rxd7 hxg5 28. Rxb7   {Black resigns} 1-0

[Event "Team 45 45 League T27"]
[Site "Free Internet Chess Server"]
[Date "2005.06.29"]
[Round "3"]
[White "Mekk"]
[Black "JBFelo"]
[Result "0-1"]
[WhiteElo "1754"]
[BlackElo "1959"]
[TimeControl "2700+45"]

1. e4 e5 2. Nf3 Nc6 3. Bc4 Nf6 4. d3 Bc5 5. O-O O-O 6. c3 d5 7. exd5 Nxd5 8. h3 Bf5 9. Bg5 Qd6 10. d4 exd4 11. cxd4 Bb6 12. Nc3 Nxc3 13. bxc3 Qg6 14. Qd2 h6 15. Nh4 Qxg5 16. Qxg5 hxg5 17. Nxf5 Rae8 18. Rfe1 Ba5 19. Rec1 g6 20. Ne3 Kg7 21. Bb5 Re6 22. Nc4 Bxc3 23. d5 Bxa1 24. dxe6 Bd4 25. Bxc6 bxc6 26. exf7 Rxf7 27. Rc2 Re7 28. Kf1 c5 29. Nd2 Kf6 30. g4 Ke5 31. Nf3+ Kf4 32. Kg2 a5 33. Rd2 Re4 34. Rc2 Re6 35. Nxd4 cxd4 36. Rxc7 Rd6 37. Rc2 d3 38. Rd2 Ke4 39. Kg3 Kd4 40. f4 Kc3 41. Rd1 gxf4+ 42. Kxf4 Kc2 43. Rh1 d2 44. Ke5 d1=Q 45. Rxd1 Rxd1 46. h4 a4 47. Kf6 Rd6+ 48. Kg5 a3   {White resigns} 0-1

[Event "Team 45 45 League T27"]
[Site "Free Internet Chess Server"]
[Date "PDT.07.0"]
[Round "3"]
[White "Sportsmen"]
[Black "anandkvs"]
[Result "1-0"]
[WhiteElo "2219"]
[BlackElo "1902"]
[TimeControl "2700+45"]

1. e4 e5 2. Nf3 Nc6 3. d4 exd4 4. Nxd4 Nf6 5. Nc3 Bb4 6. Nxc6 bxc6 7. Bd3 d5 8. exd5 cxd5 9. O-O O-O 10. Bg5 c6 11. Qf3 Be7 12. h3 a5 13. Rfe1 Re8 14. Re2 Be6 15. Rae1 Rb8 16. Nd1 Qd7 17. c3 h6 18. Bf4 Bd6 19. Bxh6 Ne4   {Black resigns} 1-0

[Event "Team 45 45 League T27"]
[Site "Free Internet Chess Server"]
[Date "PDT.07.0"]
[Round "3"]
[White "Valiantangel"]
[Black "RussoTuristo"]
[Result "0-1"]
[WhiteElo "1822"]
[BlackElo "1942"]
[TimeControl "2700+45"]

1. d4 d5 2. c4 e6 3. Nc3 Nf6 4. Bg5 Be7 5. e3 O-O 6. cxd5 exd5 7. Bd3 h6 8. Bh4 c6 9. Nge2 Ne4 10. Bxe7 Qxe7 11. Qc2 f5 12. O-O Nd7 13. Rae1 Ndf6 14. f3 Nd6 15. Ng3 g6 16. e4 dxe4 17. fxe4 fxe4 18. Ncxe4 Nfxe4 19. Nxe4 Rxf1+ 20. Rxf1 Nf5 21. Qc1 Qg7 22. Qc4+ Kh8 23. Qc5 Be6 24. Nd6 Nxd4 25. Nxb7 Bxa2 26. Qd6 Ne6 27. Be4 Qxb7 28. Bxg6 Qxb2 29. Qd7 Qd4+ 30. Qxd4+ Nxd4 31. Be4 Kg7 32. Rd1 Rd8 33. Ra1 Bd5 34. Rxa7+ Kf6 35. Bd3 Rg8 36. g3 Rg7 37. Ra4 Ne6 38. Rh4 Kg5 39. h3 h5 40. Be2 Rh7 41. Kf2 Nc5 42. Bf3 Rf7 43. Rf4 Rxf4 44. gxf4+ Kxf4 45. Bxh5 Ne4+ 46. Ke1 Kg3 47. Bg4 Nf2 48. Bd7 c5 49. h4 Ng4 50. h5 Nh6 51. Kd2 Kh4 52. Be8 Kg5 53. Kc3 Nf5 54. Bg6 Ng7 55. Bd3 Kxh5 56. Bc4 Bxc4   {White resigns} 0-1

[Event "Team 45 45 League T27"]
[Site "Free Internet Chess Server"]
[Date "PDT.07.0"]
[Round "3"]
[White "rambovz"]
[Black "mandragora"]
[Result "1/2-1/2"]
[WhiteElo "1658"]
[BlackElo "1845"]
[TimeControl "2700+45"]

1. d4 Nf6 2. c4 e6 3. Nf3 c5 4. e3 cxd4 5. exd4 d5 6. cxd5 Nxd5 7. Bb5+ Bd7 8. Bxd7+ Qxd7 9. O-O Nc6 10. Nc3 Be7 11. Re1 O-O 12. Ne5 Nxe5 13. dxe5 Rfd8 14. Nxd5 Qxd5 15. Qg4 Qd4 16. Qf3 Rd7 17. Be3 Qxe5 18. Bxa7 Qxb2 19. Be3 Rxa2 20. Rab1 Qf6 21. Qe4 Rb2 22. Rbc1 Qh4 23. Qe5 Qb4 24. Rc8+ Rd8 25. Rxd8+ Bxd8 26. Bd4 Bf6 27. Qb8+ Qf8 28. Qxf8+ Kxf8 29. Bxb2 Bxb2 30. Rb1 Bd4 31. Rxb7 g6 32. Kf1 Kg7 33. Ke2 Kf6 34. f3 h5 35. Kd3 Bg1 36. h3 Bh2 37. Ke4 g5 38. Rd7 h4 39. Kd4 Be5+ 40. Kc5 Kg6 41. Rb7 Bg3 42. Kc6 Be5 43. Kd7 Kf5 44. Ke7 f6 45. Rb6 Kf4 46. Ra6 Kf5 47. Rxe6 Bd4 48. Re4 Be5 49. Kf7 Bg3 50. Kg7 Be5 51. Kf7 Bg3 52. Ke7 Be5 53. Kd7 Bg3 54. Kc6 Be5 55. Kd5 Bg3 56. Kd4 Be5+ 57. Ke3 Bg3 58. Rg4 Bf4+ 59. Kf2 Ke5 60. g3 Bxg3+ 61. Ke2   {Game drawn by mutual agreement} 1/2-1/2

[Event "Team 45 45 League T27"]
[Site "Free Internet Chess Server"]
[Date "PDT.07.0"]
[Round "3"]
[White "Sportsmen"]
[Black "daroos"]
[Result "1-0"]
[WhiteElo "2219"]
[BlackElo "2002"]
[TimeControl "2700+45"]

1. e4 c6 2. d4 d5 3. exd5 cxd5 4. c4 Nf6 5. Nc3 Nc6 6. Bg5 e6 7. Nf3 Be7 8. c5 O-O 9. Bb5 h6 10. Bf4 Qa5 11. O-O Ne4 12. Bxc6 Nxc3 13. bxc3 bxc6 14. Qc2 Ba6 15. Rfe1 Bf6 16. a4 Rfe8 17. Re3 Bc4 18. Be5 Bd8 19. Nd2 Bc7 20. Nxc4 dxc4 21. Qe4 Bxe5 22. Qxe5 Qd8 23. Rg3 f6 24. Qh5 Kh8 25. Re1 Re7 26. Rge3 Rb8 27. h3 Qa5 28. Qe2 Qxa4 29. Rxe6 Rf7 30. Qe4 Qb3 31. Qg6 Rbf8 32. Re8 Qxc3 33. Kh2 Qxe1 34. Rxe1   {Black resigns} 1-0

[Event "Team 45 45 League T27"]
[Site "Free Internet Chess Server"]
[Date "PDT.07.0"]
[Round "3"]
[White "maupasant"]
[Black "qire"]
[Result "1-0"]
[WhiteElo "1989"]
[BlackElo "1973"]
[TimeControl "2700+45"]

1. e4 c5 2. c3 d5 3. exd5 Nf6 4. Qa4+ Bd7 5. Qb3 Qc7 6. Bc4 Ne4 7. d3 Nd6 8. Bf4 g5 9. Bg3 a6 10. a4 b6 11. Nd2 Bg7 12. Ngf3 h6 13. O-O O-O 14. Rfe1 Re8 15. Ne4 f5 16. Nxd6 exd6 17. h3 f4 18. Bh2 Ra7 19. d4 Kf8 20. dxc5 bxc5 21. Qc2 Qc8 22. h4 Bg4 23. Nd2 Qf5 24. Rxe8+ Kxe8 25. Re1+ Be5 26. Ne4 Nd7 27. Nxd6+   {Black resigns} 1-0

[Event "Team 45 45 League T27"]
[Site "Free Internet Chess Server"]
[Date "PDT.07.0"]
[Round "3"]
[White "Louro"]
[Black "ryoshu"]
[Result "1/2-1/2"]
[WhiteElo "2000"]
[BlackElo "1934"]
[TimeControl "2700+45"]

1. e4 e5 2. Nf3 Nc6 3. Bb5 Nge7 4. O-O g6 5. c3 Bg7 6. d4 exd4 7. cxd4 d5 8. exd5 Nxd5 9. Re1+ Be6 10. Bxc6+ bxc6 11. Ng5 Qf6 12. Nxe6 fxe6 13. Nd2 Qxd4 14. Rxe6+ Kd7 15. Re4 Qf6 16. Nb3 Rae8 17. Ra4 Rhf8 18. f3 Qe7 19. Bd2 Qe2 20. Rxa7 Qb5 21. Ra5 Qb6+ 22. Kh1 Ke7   {Game drawn by mutual agreement} 1/2-1/2

[Event "Team 45 45 League T27"]
[Site "Free Internet Chess Server"]
[Date "PDT.07.0"]
[Round "3"]
[White "CamyC"]
[Black "RussoTuristo"]
[Result "0-1"]
[WhiteElo "2010"]
[BlackElo "1956"]
[TimeControl "2700+45"]

1. d4 d5 2. c4 e6 3. Nf3 Nf6 4. Nc3 Be7 5. Bf4 O-O 6. e3 dxc4 7. Bxc4 a6 8. Ne5 Nbd7 9. Qf3 c5 10. g4 cxd4 11. exd4 Nb6 12. g5 Nfd5 13. Ne4 Nxc4 14. Nxc4 Nxf4 15. Qxf4 Qxd4 16. Rd1 Bb4+ 17. Ncd2 e5 18. Qf3 Qxb2 19. Rg1 Qxa2 20. Qd3 Qa5 21. Nf6+ gxf6 22. gxf6+ Kh8 23. Qg3 Bg4   {White resigns} 0-1

[Event "Team 45 45 League T27"]
[Site "Free Internet Chess Server"]
[Date "PDT.07.0"]
[Round "3"]
[White "thelovegambit"]
[Black "BIRDSMAN"]
[Result "1/2-1/2"]
[WhiteElo "1485"]
[BlackElo "1598"]
[TimeControl "2700+45"]

1. d4 d5 2. Nf3 Bf5 3. Bf4 e6 4. e3 Nf6 5. Nbd2 Nbd7 6. c3 Be7 7. Be2 c6 8. O-O O-O 9. Re1 Nh5 10. Nf1 Nxf4 11. exf4 Qb6 12. Qd2 c5 13. Ng3 Bg4 14. Ne5 Nxe5 15. fxe5 Bxe2 16. Rxe2 cxd4 17. cxd4 Rac8 18. f4 Rc4 19. Rd1 Rfc8 20. Qd3 g6 21. Nf1 Qc6 22. Ne3 Rc1 23. Rxc1 Qxc1+ 24. Kf2 a6 25. Rc2 Rxc2+ 26. Qxc2 Qxc2+ 27. Nxc2 Kg7 28. Kf3 Bd8 29. Ke3 Bb6 30. b4 Kf8 31. a4 Ke7 32. Ne1 Kd7 33. Nf3 h6 34. h4 Bd8 35. g4 Kc6 36. Kd3 Be7 37. Kc3 b6 38. g5 h5 39. Ne1 Bf8 40. Nc2 Be7 41. Kb3 Bd8 42. Kc3 Be7 43. Kb3 Kd7 44. Kc3 Bf8 45. Kb3   {Game drawn by mutual agreement} 1/2-1/2

[Event "Team 45 45 League T27"]
[Site "Free Internet Chess Server"]
[Date "PDT.07.0"]
[Round "3"]
[White "Vinoblanca"]
[Black "ahorse"]
[Result "1-0"]
[WhiteElo "1405"]
[BlackElo "1546"]
[TimeControl "2700+45"]

1. d4 Nf6 2. c4 g6 3. Nc3 Bg7 4. Nf3 O-O 5. Bf4 d5 6. Qc2 Bf5 7. Qb3 dxc4 8. Qxc4 Nh5 9. Bxc7 Qc8 10. e3 Nc6 11. Bg3 Qd8 12. Be2 Rc8 13. Qb3 Na5 14. Qb4 Re8 15. Rc1 Bg4 16. O-O Bxf3 17. Bxf3 Nxg3 18. hxg3 Rc4 19. Qb5 Qc8 20. Qxa5 e5 21. d5   {Black resigns} 1-0

[Event "Team 45 45 League T27"]
[Site "Free Internet Chess Server"]
[Date "2005.06.30"]
[Round "3"]
[White "SamuraiGoroh"]
[Black "KlassAct"]
[Result "0-1"]
[WhiteElo "1516"]
[BlackElo "1386"]
[TimeControl "2700+45"]

1. e4 e5 2. Nf3 Nc6 3. Bb5 Bc5 4. O-O Nf6 5. d3 d6 6. Bxc6+ bxc6 7. h3 h6 8. Re1 O-O 9. Be3 Bb6 10. a4 a5 11. c4 Be6 12. Nc3 Nd7 13. d4 Bxc4 14. dxe5 Nxe5 15. Nxe5 dxe5 16. Qxd8 Raxd8 17. Bxb6 cxb6 18. Red1 Bb3 19. Rxd8 Rxd8 20. Kf1 Rd2 21. Rb1 Bc4+ 22. Ke1 Rd4 23. f3 Bb3 24. Ne2 Rxa4 25. Nc1 Bc2 26. b3 Bxb1 27. bxa4 Bc2 28. Kd2 Bxa4 29. Na2 Bb3 30. Nc1 Bc4 31. g3 Kf8 32. Kc3 b5 33. h4 Ke7 34. f4 exf4 35. gxf4 f6 36. Kd4 a4 37. Kc5 Kd7 38. Kb4 Kd6 39. Kc3 Kc5 40. Nd3+ Bxd3 41. Kxd3 b4 42. e5 fxe5 43. fxe5 Kd5 44. h5 c5 45. Kc2 Kxe5 46. Kb2 Kd4 47. Ka2 Kd3 48. Kb2 c4 49. Kc1 a3 50. Kb1 b3 51. Ka1 c3 52. Kb1 Kd2 53. Ka1 b2+ 54. Kb1 c2+ 55. Ka2 b1=Q+ 56. Kxa3 Kc3 57. Ka4 Qb4#   {White checkmated} 0-1

[Event "Team 45 45 League T27"]
[Site "Free Internet Chess Server"]
[Date "PDT.07.0"]
[Round "3"]
[White "Lamtarra"]
[Black "LLIAMAH"]
[Result "0-1"]
[WhiteElo "1531"]
[BlackElo "1727"]
[TimeControl "2700+45"]

1. e4 c5 2. Nf3 Nc6 3. Nc3 d6 4. d3 Nf6 5. g3 Bg4 6. Bg2 Qd7 7. O-O e5 8. Bg5 Nh5 9. Qc1 h6 10. Be3 Nf6 11. Ne1 Be7 12. f3 Be6 13. f4 exf4 14. Bxf4 Nd4 15. Nf3 Nc6 16. Qd2 g5 17. Be3 Ng4 18. Rae1 Nxe3 19. Qxe3 Ne5 20. Nxe5 dxe5 21. b3 O-O-O 22. Na4 Qc7 23. Qe2 h5 24. Bf3 Kb8 25. Bxh5 Rdf8 26. Bg4 Qd6 27. Bxe6 Qxe6 28. c4 Rh7 29. Rf2 Rfh8 30. g4 Qd7 31. Rd1 Qd4 32. Kh1 Rh4 33. Rdf1 f6 34. Nb2 Qd7 35. Rg2 Bd8 36. Nd1 Rh3 37. Ne3 Ba5 38. Nd5 Bd8 39. Rf3 R3h4 40. Rfg3 b5 41. Qf2 Qc6 42. Rf3 bxc4 43. dxc4 Qd6 44. Nxf6 Qd1+ 45. Qf1 Qd6 46. Nd5 Qd7 47. Ne3 Qh7 48. Rff2 Qxe4 49. Kg1 Qxe3 50. Qe2 Qd4 51. Qf3 e4 52. Qg3+ Bc7   {White resigns} 0-1

[Event "Team 45 45 League T27"]
[Site "Free Internet Chess Server"]
[Date "PDT.07.0"]
[Round "3"]
[White "Nezha"]
[Black "mrmahoon"]
[Result "1-0"]
[WhiteElo "1718"]
[BlackElo "1557"]
[TimeControl "2700+45"]

1. e4 e5 2. Nf3 Nc6 3. Bc4 Be7 4. O-O d6 5. Nc3 Bg4 6. h3 Bh5 7. Nd5 Nd4 8. g4 Nxf3+ 9. Qxf3 Bg6 10. d3 Nf6 11. Nxe7 Qxe7 12. Bg5 O-O-O 13. a4 h6 14. Bxf6 Qxf6 15. Qxf6 gxf6 16. f3 h5 17. Kg2 hxg4 18. hxg4 Rh6 19. Rh1 Rdh8 20. Rxh6 Rxh6 21. b4 b6 22. a5 Kd7 23. axb6 axb6 24. Bb5+ Ke7 25. Ra7 Kd8 26. Bc6 Rh7 27. Ra8+ Ke7 28. Re8#   {Black checkmated} 1-0

[Event "Team 45 45 League T27"]
[Site "Free Internet Chess Server"]
[Date "2005.06.30"]
[Round "3"]
[White "wook"]
[Black "knightwizzy"]
[Result "0-1"]
[WhiteElo "1561"]
[BlackElo "1522"]
[TimeControl "2700+45"]

1. d4 d5 2. c4 e6 3. Nc3 Nf6 4. e3 Be7 5. Nf3 Nbd7 6. cxd5 exd5 7. Bd3 O-O 8. O-O c6 9. Re1 Nb6 10. b3 Bg4 11. h3 Bh5 12. Be2 Qc7 13. Ne5 Bxe2 14. Qxe2 Bd6 15. Nf3 Rfe8 16. Qd3 Rad8 17. Bd2 Nc8 18. Rac1 Ba3 19. Nb5 Qe7 20. Nxa3 Qxa3 21. Ra1 Nd6 22. Bc1 Qa5 23. a3 Nde4 24. Qc2 Ng5 25. b4 Nxf3+ 26. gxf3 Qc7 27. b5 Qd7 28. Kh2 cxb5 29. e4 dxe4 30. fxe4 Qxd4 31. Bb2 Qb6 32. e5 Rc8 33. Qb3 Qxf2+ 34. Kh1 Rc2 35. Qxc2 Qxc2 36. exf6 Rxe1+ 37. Rxe1 gxf6 38. Rg1+ Kf8 39. Rg2 Qb3 40. Bxf6 Qxh3+ 41. Kg1 Qe6 42. Bg7+ Ke7 43. Kf1 Qh3 44. Kg1 Qxa3 45. Re2+ Kd7 46. Rd2+ Kc6 47. Rf2 Qc1+ 48. Kh2 Qc4 49. Rf6+ Kd5 50. Rf5+ Ke4 51. Re5+ Kd3 52. Bh6 Qc7 53. Bf4 Qc2+ 54. Kh3 b4 55. Re3+ Kd4 56. Re7 Qf5+ 57. Kg3 Qd3+ 58. Kg4 f5+ 59. Kg5 Qb5 60. Rxh7 b3 61. Rh1 b2 62. Rb1 Qb3   {White resigns} 0-1

[Event "Team 45 45 League T27"]
[Site "Free Internet Chess Server"]
[Date "PDT.07.0"]
[Round "3"]
[White "PawnSensei"]
[Black "couv"]
[Result "0-1"]
[WhiteElo "1411"]
[BlackElo "1525"]
[TimeControl "2700+45"]

1. e4 e6 2. d4 d5 3. e5 c5 4. c3 Qb6 5. Nf3 Nc6 6. Be2 Nh6 7. O-O Nf5 8. Be3 Nxe3 9. fxe3 Qxb2 10. Nbd2 Qxc3 11. Qb3 Qxb3 12. Nxb3 c4 13. Nc5 Bxc5 14. dxc5 b6 15. Nd4 Nxd4 16. exd4 bxc5 17. dxc5 Kd7 18. Bxc4 dxc4 19. Rac1 Kc6 20. Rxc4 Ba6   {White resigns} 0-1

[Event "Team 45 45 League T27"]
[Site "Free Internet Chess Server"]
[Date "PDT.07.0"]
[Round "3"]
[White "Holyphant"]
[Black "twotowers"]
[Result "1-0"]
[WhiteElo "1752"]
[BlackElo "1604"]
[TimeControl "2700+45"]

1. e4 d6 2. d4 Nf6 3. Nc3 g6 4. Be3 Ng4 5. Bg5 f6 6. Bh4 Nh6 7. Bc4 Bg7 8. f4 Nc6 9. f5 Na5 10. Bd3 gxf5 11. Qh5+ Nf7 12. exf5 O-O 13. Nge2 e6 14. fxe6 Nh6 15. Nf4 Qe8 16. Qe2 Nc6 17. d5 Nd4 18. Qd2 c6 19. Bxh7+ Kxh7 20. Qxd4 cxd5 21. Qxd5 Qc6 22. Qd3+ Kg8 23. O-O-O Re8 24. Rhe1 Ng4 25. Kb1 Bh6 26. Qg6+   {Black resigns} 1-0

[Event "Team 45 45 League T27"]
[Site "Free Internet Chess Server"]
[Date "PDT.07.0"]
[Round "3"]
[White "Woodchuck"]
[Black "zift"]
[Result "1-0"]
[WhiteElo "1627"]
[BlackElo "1568"]
[TimeControl "2700+45"]

1. d4 e6 2. c4 d5 3. Nc3 Nf6 4. Nf3 Be7 5. e3 b6 6. cxd5 Nxd5 7. e4 Nxc3 8. bxc3 Bb7 9. Bd3 c5 10. O-O O-O 11. Bf4 Nd7 12. Re1 cxd4 13. cxd4 Nf6 14. Rc1 Nh5 15. Be3 Nf6 16. Bf4 Nh5 17. Bd2 Nf6 18. Ne5 Rc8 19. Bc3 Nd7 20. Nxd7 Qxd7 21. Qg4 Rc7 22. d5 exd5 23. Qxg7#   {Black checkmated} 1-0

[Event "Team 45 45 League T27"]
[Site "Free Internet Chess Server"]
[Date "PDT.07.0"]
[Round "3"]
[White "evgenionegin"]
[Black "Scapegoated"]
[Result "1-0"]
[WhiteElo "1561"]
[BlackElo "1425"]
[TimeControl "2700+45"]

1. e4 e5 2. f4 exf4 3. Nf3 Nc6 4. d4 d5 5. Bd3 dxe4 6. Bxe4 Bd7 7. O-O f5 8. Bd3 Nf6 9. Bxf4 Ne4 10. Qe2 Bd6 11. Bxe4 fxe4 12. Bxd6 cxd6 13. Qxe4+ Qe7 14. Re1 d5 15. Qxd5   {Black resigns} 1-0

[Event "Team 45 45 League T27"]
[Site "Free Internet Chess Server"]
[Date "PDT.07.0"]
[Round "3"]
[White "clarinetref"]
[Black "crackjack"]
[Result "1-0"]
[WhiteElo "1551"]
[BlackElo "1615"]
[TimeControl "2700+45"]

1. Nf3 d5 2. c4 c6 3. b3 Nf6 4. Bb2 Bg4 5. e3 Nbd7 6. g3 e6 7. Bg2 Bd6 8. O-O Ne5 9. Bxe5 Bxe5 10. d4 Bc7 11. Nbd2 Ne4 12. Qc2 Nxd2 13. Nxd2 Bf5 14. Qb2 O-O 15. Rac1 Re8 16. Nf3 Qf6 17. cxd5 exd5 18. b4 Bd3 19. Rfd1 Bc4 20. Nd2 b5 21. a4 Qe6 22. axb5 cxb5 23. Nb3 Bb6 24. Re1 Qd6 25. Nd2 Rac8 26. e4 dxe4 27. Nxc4 Rxc4 28. Rxc4 bxc4 29. Rd1 e3 30. fxe3 Rxe3 31. Kh1 Bxd4 32. Rxd4 Re1+ 33. Bf1 Qc6+ 34. Kg1 h5 35. Qd2 Rxf1+ 36. Kxf1 Qh1+ 37. Kf2 Qxh2+ 38. Kf3 Qh1+ 39. Qg2 Qc1 40. Qd2 Qa3+ 41. Kf4 g5+ 42. Kxg5 Qxg3+ 43. Kf5 Qh3+ 44. Kf4 Qg4+ 45. Ke3 Qg3+ 46. Ke2 Qg2+ 47. Kd1 Qf3+ 48. Kc2 Qb3+ 49. Kc1 Qa3+ 50. Kd1 Qf3+ 51. Kc1 Qa3+ 52. Kd1 Qf3+ 53. Qe2 Qb3+ 54. Qc2 Qf3+ 55. Qe2 Qb3+ 56. Qc2 Qf3+ 57. Kd2 Qf2+ 58. Kc3 Qe3+ 59. Kxc4 Qe6+ 60. Rd5 Qg4+ 61. Rd4 Qe6+ 62. Kc3 Qe3+ 63. Qd3 Qe1+ 64. Kc4 Qe6+ 65. Rd5 Qg4+ 66. Qd4 Qe2+ 67. Kc5 Qe7+ 68. Kc4 Qe2+ 69. Qd3 Qg4+ 70. Kb3 Qe6 71. Ka3   {Black resigns} 1-0